 Dungeon Crawl Stone Soup version 0.25.0-1-g7eea58d (webtiles) character file.

Game seed: 7045382520197180732

562 edsrzf the Cudgeler (level 7, -2/67 HPs)
             Began as an Ogre Enchanter on June 27, 2020.
             Was a Follower of Cheibriados.
             Slain by an orc
             ... wielding a +0 spear
              (6 damage)
             ... in a bailey.
             The game lasted 00:14:45 (6915 turns).

edsrzf the Cudgeler (Ogre Enchanter)                Turns: 6915, Time: 00:14:46

Health: -2/67      AC:  5    Str: 17    XL:     7   Next: 31%
Magic:  0/20       EV: 10    Int: 18    God:    Cheibriados [*.....]
Gold:   301        SH:  0    Dex: 11    Spells: 11/12 levels left

rFire    . . .     SeeInvis +   a - +2 whip (elec)
rCold    . . .     Gourm    .   (no shield)
rNeg     . . .     Faith    .   b - +0 robe
rPois    .         Spirit   +   w - +2 hat
rElec    .         Reflect  .   (no cloak)
rCorr    .         Harm     .   (gloves unavailable)
MR       .....                  (boots unavailable)
Stlth    ++........             h - amulet of guardian spirit
HPRegen  0.21/turn              f - ring of see invisible
MPRegen  0.17/turn              m - ring of magical power

@: very slow
A: large, unfitting armour, tough skin 1
a: Bend Time, Renounce Religion


You were in a bailey.
You worshipped Cheibriados.
Cheibriados was aware of your devotion.
You were not hungry.

You visited 2 branches of the dungeon, and saw 8 of its levels.
You also visited: Bailey.

You collected 301 gold pieces.

Inventory:

Hand Weapons
 a - a +2 whip of electrocution (weapon)
 x - a +0 flail
Missiles
 l - 2 boomerangs
 o - 73 stones
 p - 11 poisoned darts
 r - 5 javelins (quivered)
 s - 6 atropa-tipped darts
Armour
 b - a +0 robe (worn)
 w - a +2 hat (worn)
Jewellery
 f - a ring of see invisible (left hand)
 h - an amulet of guardian spirit (around neck)
 m - a ring of magical power (right hand)
 v - an uncursed amulet of magic regeneration {unknown}
Scrolls
 c - 2 scrolls of identify {@r1}
 e - 3 scrolls of remove curse
 g - a scroll of noise
 n - 3 scrolls of teleportation {@r3}
 q - 2 scrolls of immolation {unknown}
 t - a scroll of fear
 u - a scroll of random uselessness {unknown}
Potions
 i - 2 potions of brilliance
 j - a potion of mutation {!q}
 k - 2 potions of flight
Comestibles
 d - 10 rations


   Skills:
 - Level 3.0 Fighting
   Level 0.8 Short Blades
 + Level 5.8 Maces & Flails
 - Level 2.0 Throwing
 - Level 1.7 Dodging
 - Level 2.1 Stealth
 - Level 3.0 Spellcasting
 - Level 2.6 Hexes


You had 11 spell levels left.
You knew the following spells:

 Your Spells              Type           Power        Failure   Level  Hunger
a - Corona                Hex            ##.....      5%          1    None

Your spell library contained the following spells:

 Spells                   Type           Power        Failure   Level  Hunger
 Ensorcelled Hibernation  Hex/Ice        #.....       14%         2    ##.....
 Confusing Touch          Hex            ##......     16%         3    ###....
 Tukima's Dance           Hex            ##......     16%         3    ###....
 Dazzling Flash           Conj/Hex       #.....       28%         3    ###....


Dungeon Overview and Level Annotations

Branches:
Dungeon (7/15)             Temple (1/1) D:4          Bailey (1/1)

Altars:
Cheibriados
Dithmenos
Elyvilon
Fedhas
Hepliaklqana
Kikubaaqudgha
Makhleb
Nemelex Xobeh
Okawaru
Qazlal
Ru
Trog
Uskayaw
Vehumet
Wu Jian
Xom
Yredelemnul
Zin

Annotations:
D:5 exclusion: iguana


Innate Abilities, Weirdness & Mutations

You are too large for most types of armour.
You have tough skin. (AC +1)


Message History

The orc hits you from afar with a +0 trident.
The orc hits you with a +0 spear! The orc hits you with a +0 war axe!
The orc hits you but does no damage. x2; The orc hits you with a +0 spear.
You closely miss the orc. The orc hits you but does no damage.
The orc hits you from afar with a +0 spear!
The orc closely misses you. The orc hits you with a +0 war axe!
The orc hits you from afar with a +0 spear.
The orc hits you with a +0 war axe.
Okay, then.
Okay, then.
You closely miss the orc. The orc closely misses you. The orc misses you.
The orc hits you but does no damage. x2; The orc barely misses you. x2
The orc barely misses you. x2; The orc hits you with a +0 spear.
The orc hits you but does no damage. x2
The orc hits you from afar with a +0 trident.
The orc hits you with a +0 war axe!
* * * LOW HITPOINT WARNING * * *
Okay, then.
As you read the scroll labeled IKOTTA FIFOTHA, it crumbles to dust.
You assume a fearsome visage.
The orc looks frightened! x11
It was a scroll of fear.
You whack the orc!
You kill the orc!
Cheibriados appreciates the change of pace.
The orc yells at you, "GO AWAY!"
Cornered, the orc turns to fight! x2
There is a gate leading back out of this place here.
Throwing (i - inventory. (/) - cycle)
r - 7 javelins (quivered)
Press: ? - help, Shift-Dir - straight line, f - orc
Aim: an orc, wielding a +0 war axe (fleeing)
You throw a javelin.
The javelin pierces through the orc but does no damage.
Your attack snaps the orc out of its fear.
The javelin pierces through the orc.
Your attack snaps the orc out of its fear.
The orc is heavily wounded.
The javelin pierces through the orc but does no damage.
Your attack snaps the orc out of its fear.
Throwing (i - inventory. (/) - cycle)
r - 6 javelins (quivered)
Press: ? - help, Shift-Dir - straight line, f/p - orc
Aim: an orc, wielding a +0 war axe You throw a javelin.
The javelin pierces through the orc but does no damage.
The javelin closely misses the orc.
The orc barely misses you.
You hit the orc.
The orc is moderately wounded.
The orc hits you from afar with a +0 spear.
* * * LOW HITPOINT WARNING * * *
Okay, then.
You whack the orc!
You kill the orc!
Cheibriados appreciates the change of pace.
The orc barely misses you.
Press: ? - help, v - describe, . - travel
Here: an orc, wielding a +0 trident and wearing a +0 scale mail (heavily wounded)
The floor.
As you read the scroll of fear, it crumbles to dust.
You assume a fearsome visage.
The orc looks frightened! x5
The orc seems to regain its courage.
The orc gibbers meaninglessly.
The orc gives up.
The orc starts to cry.
The orc begs, "Please don't kill me!"
The orc looks desperately for an escape route.
The orc seems to regain its courage.
The orc prays for help.
The orc shouts!
The orc hits you from afar with a +0 halberd!
* * * LOW HITPOINT WARNING * * *
The orc attempts to regain its composure.
The orc barely misses you.
You see here a +0 war axe.
The orc barely misses you.
The orc gives up.
The orc hits you from afar with a +0 spear.
The orc hits you with a +0 spear.
* * * LOW HITPOINT WARNING * * *
You hit the orc.
The orc is moderately wounded.
The orc completely misses you.
The orc hits you from afar with a +0 spear.
* * * LOW HITPOINT WARNING * * *
The orc barely misses you.
You hit the orc.
The orc is severely wounded.
The orc hits you from afar with a +0 spear.
* * * LOW HITPOINT WARNING * * *
The orc hits you with a +0 halberd.
* * * LOW HITPOINT WARNING * * *
Cornered, the orc turns to fight!
The orc hits you with a +0 spear.
* * * LOW HITPOINT WARNING * * *
The orc shouts!
You hit the orc.
You kill the orc!
Cheibriados thoroughly appreciates the change of pace.
Cheibriados is now slowing and strengthening your metabolism.
Cheibriados raises the support of your attributes as your movement slows.
The orc seems to regain its courage.
The orc hits you from afar with a +0 spear.
You die...

###########
##.∩......(.
#..)@)......
#..o.o......
#∩.).o......
#..........o
#...........
##.∩......oo
###########


You could see 6 orcs.

Vanquished Creatures
  An ogre (D:7)
  A scorpion (D:4)
  3 orc priests
  2 orc wizards (D:4)
  Natasha (thrice) (D:2)
  A worker ant (D:5)
  9 adders
  A shadow imp (D:5)
  An ooze (D:3)
  4 worms
  3 dart slugs
  A leopard gecko (D:1)
  14 orcs
  A ball python (D:3)
  9 bats
  A giant cockroach (D:3)
  10 goblins
  7 hobgoblins
  3 jackals
  2 quokkas
  2 frilled lizards
  2 kobolds
  4 rats
85 creatures vanquished.

Notes
Turn   | Place    | Note
-------+----------+-------------------------------------------
     0 | D:1      | edsrzf the Ogre Enchanter began the quest for the Orb.
     0 | D:1      | Reached XP level 1. HP: 16/16 MP: 3/3
   265 | D:1      | Reached skill level 1 in Fighting
   521 | D:1      | Reached XP level 2. HP: 26/27 MP: 5/5
   890 | D:1      | Reached skill level 3 in Spellcasting
  1003 | D:1      | Reached skill level 2 in Fighting
  1293 | D:2      | Identified 3 scrolls of identify
  1293 | D:2      | Identified a potion of lignification
  1294 | D:2      | Identified a potion of brilliance
  1295 | D:2      | Identified a potion of mutation
  1296 | D:2      | Identified 4 scrolls of remove curse
  1341 | D:2      | Reached XP level 3. HP: 29/36 MP: 5/7
  1342 | D:2      | Identified a potion of flight
  1493 | D:2      | Noticed Natasha
  1517 | D:2      | Identified 2 scrolls of noise
  1518 | D:2      | Identified 2 scrolls of teleportation
  1530 | D:1      | HP: 1/36 [jackal (2)]
  1876 | D:3      | Reached skill level 1 in Maces & Flails
  2001 | D:3      | Reached skill level 3 in Fighting
  2542 | D:3      | Reached XP level 4. HP: 24/45 MP: 8/8
  2828 | D:3      | Reached skill level 2 in Maces & Flails
  3382 | D:3      | Reached XP level 5. HP: 48/53 MP: 9/9
  3403 | D:3      | Reached skill level 3 in Maces & Flails
  4118 | D:3      | Found a sacrificial altar of Ru.
  4170 | D:2      | You fall into a shaft and drop 2 floors!
  4170 | D:4      | Found a staircase to the Ecumenical Temple.
  4191 | D:4      | Identified a potion of might
  4196 | D:4      | Reached skill level 1 in Throwing
  4212 | D:4      | HP: 2/53 [orc/+0 whip (5)]
  4213 | D:4      | Identified a potion of curing
  4227 | Temple   | Entered the Ecumenical Temple
  4547 | Temple   | Became a worshipper of Cheibriados the Contemplative
  4730 | D:4      | Noticed an ogre
  4736 | D:4      | Found a stormy altar of Qazlal.
  4896 | D:2      | Reached XP level 6. HP: 43/61 MP: 10/10
  4931 | D:2      | Reached skill level 2 in Throwing
  5212 | D:2      | Killed Natasha
  5212 | D:2      | Reached skill level 4 in Maces & Flails
  5321 | D:2      | Noticed Natasha
  5351 | D:2      | Killed Natasha
  5569 | D:2      | Noticed Natasha
  5575 | D:2      | Killed Natasha
  5777 | D:2      | Identified a scroll of magic mapping
  6015 | D:5      | Entered Level 5 of the Dungeon
  6352 | D:5      | Reached skill level 5 in Maces & Flails
  6357 | D:5      | Reached XP level 7. HP: 36/67 MP: 11/11
  6674 | D:5      | You fall into a shaft and drop 1 floor!
  6831 | D:7      | Found a flagged portal.
  6851 | Bailey   | Entered a bailey
  6897 | Bailey   | Identified 3 scrolls of fear
  6915 | Bailey   | Reached * piety under Cheibriados
  6915 | Bailey   | Slain by an orc

Illustrated notes

Levels and vault maps discovered:
D:1:      minmay_arrival_split_and_join, layout_loops_ring
D:2:      layout_basic, uniq_natasha
D:3:      layout_loops_ring, marbit_many_paths, first_ration,
          corexii_item_surrounded_by_moat
D:4:      layout_cave_pools, ashenzari_altar_1, kennysheep_mini_moat,
          lemuel_blue_sif_altar, minmay_temple_entry_arrows, serial_shops, shop
D:5:      layout_loops_ring
D:6:      layout_cave_pods, hex_medium, nicolae_qazlal_eye_of_the_storm
D:7:      layout_layer_cave, gammafunk_ghost_smash, enter_bailey_3
Temple:   compressed_dpeg_circular_temple
Bailey:   bailey_polearm_5, bailey

Skill      XL: |  1  2  3  4  5  6 |
---------------+-------------------+-----
Fighting       | 1 2 3 |  3.0
Spellcasting   | 3 |  3.0
Maces & Flails | 1 2 3 5 |  5.8
Throwing       | 1 2 |  2.0
Short Blades   | |  0.8
Dodging        | |  1.7
Stealth        | |  2.1
Hexes          | |  2.6

Action                   |  1- 3 |  4- 6 |  7- 9 || total
-------------------------+-------+-------+-------++-------
Melee: Dagger            |   163 |    41 |       ||   204
       Flail             |       |   218 |    15 ||   233
       Whip              |       |       |    16 ||    16
Throw: Stone             |     2 |    16 |     9 ||    27
       Dart              |       |    24 |     4 ||    28
       Javelin           |       |       |     2 ||     2
 Cast: Corona            |    11 |    10 |       ||    21
  Use: Scroll            |     7 |     3 |     4 ||    14
       Potion            |       |     3 |       ||     3
 Stab: Sleeping          |     3 |     2 |     1 ||     6
  Eat: Chunk             |     1 |    12 |     4 ||    17
       Ration            |     1 |       |       ||     1
Armor: Robe              |    46 |    75 |    10 ||   131
       Skin              |       |    28 |       ||    28
Dodge: Dodged            |    69 |   165 |    22 ||   256
